 Dungeon Crawl Stone Soup version 0.18-a0-337-g1235303 (webtiles) character file.

55 Raultor the Changer (level 3, -1/23 HPs)
             Began as an Octopode Transmuter on Nov 28, 2015.
             Slain by chonchonts's ghost (4 damage)
             ... on level 3 of the Dungeon.
             The game lasted 00:05:00 (2156 turns).

Raultor the Changer (Octopode Transmuter)           Turns: 2156, Time: 00:05:00

Health: -1/23      AC:  1    Str: 10    XL:     3   Next: 93%
Magic:  6/6        EV: 12    Int: 15    God:
Gold:   22         SH:  0    Dex: 12    Spells: 1 memorised, 5 levels left

rFire  . . .     SeeInvis .       - Unarmed
rCold  . . .     Clarity  .     (no shield)
rNeg   . . .     SustAt   .     (helmet restricted)
rPois  .         Gourm    .     (no amulet)
rElec  .         Spirit   .     (no ring)
rCorr  .         Warding  .     (no ring)
rMut   .         Stasis   .     (no ring)
MR     .....                    (no ring)
Stlth  +++.......               (no ring)
                                (no ring)
                                (no ring)
                                (no ring)

@: not resistant to hostile enchantments, fairly stealthy
A: almost no armour, amphibious, 8 rings, constrict 8, camouflage 1, gelatinous
body 1
a: no special abilities


You were on level 3 of the Dungeon.
You were not hungry.

You visited 1 branch of the dungeon, and saw 3 of its levels.

You collected 22 gold pieces.

Inventory:

Missiles
 a - 12 arrows
Scrolls
 d - a scroll of enchant armour {unknown}
 e - 2 scrolls of enchant weapon {unknown}
 f - 3 scrolls of identify {unknown}
 k - a scroll of recharging {unknown}
Potions
 g - a potion of might {unknown}
 i - a potion of heal wounds
Books
 b - a book of Changes

   Spells                             Type                      Level
   a - Beastly Appendage              Transmutation                1
   b - Sticks to Snakes               Transmutation                2
   c - Spider Form                    Transmutation/Poison         3
   d - Ice Form                       Ice/Transmutation            4
   e - Blade Hands                    Transmutation                5
Comestibles
 c - a bread ration
 h - a meat ration
 j - a chunk of flesh


   Skills:
 - Level 1.0 Fighting
 - Level 2.0 Dodging
 - Level 3.0 Unarmed Combat
 - Level 2.0 Spellcasting
 * Level 4.1 Transmutations


You had 5 spell levels left.
You knew the following spells:

 Your Spells              Type           Power        Failure   Level  Hunger
a - Beastly Appendage     Trmt           ##....       4%          1    #......


Dungeon Overview and Level Annotations

Branches:
Dungeon (3/15)

Altars:
Dithmenos
Xom

Annotations:
D:1 1 exclusion
D:2 Crazy Yiuf
D:3 Robin; chonchonts's ghost, amateur MiFi


Innate Abilities, Weirdness & Mutations

You cannot wear most types of armour.
You are amphibious.
You can wear up to eight rings at the same time.
You can use your tentacles to constrict eight enemies at once.
Your skin changes colour to match your surroundings (Stealth).
Your rubbery body absorbs attacks (AC +1).


Message History

You feel sick.
You feel sick.
You feel sick.
You feel sick.
You feel sick.
You feel sick.
You feel sick.
You feel sick.
* * * LOW HITPOINT WARNING * * *
You feel sick.
* * * LOW HITPOINT WARNING * * *
You feel sick.
You feel sick.
You feel sick.
You feel sick.
You feel sick.
You are no longer poisoned.
There is a dry fountain here.
Chonchonts's ghost hits you.
You die...

#########
#.......##
#........#
#...≈≈≈.[#
#...≈≈≈..#
#...≈≈≈..#
#..W@≈≈..#
###....⌠...#
#.........##
#....g...##
#<.)..#####
#######.).......#
###...........#.###
##...#####.......#
#.....# #......##


You could see chonchonts's ghost and a hobgoblin.

Vanquished Creatures
  An adder (D:3)
  2 worms (D:2)
  4 goblins
  5 hobgoblins
  3 jackals (D:1)
  8 kobolds
  A quokka (D:3)
  5 bats
  2 giant cockroaches
  2 giant newts (D:1)
  3 rats (D:2)
36 creatures vanquished.

Vanquished Creatures (others)
  A giant newt (D:1)
1 creature vanquished.

Grand Total: 37 creatures vanquished

Notes
Turn   | Place    | Note
--------------------------------------------------------------
     0 | D:1      | Raultor the Octopode Transmuter began the quest for the Orb.
     0 | D:1      | Reached XP level 1. HP: 13/13 MP: 3/3
    17 | D:1      | You fall through a shaft!
   423 | D:1      | Reached XP level 2. HP: 16/18 MP: 5/5
  1383 | D:2      | Found a shimmering altar of Xom.
  1394 | D:2      | Reached XP level 3. HP: 17/23 MP: 4/6
  1619 | D:2      | Found a shadowy altar of Dithmenos.
  1653 | D:2      | You fall through a shaft!
  2021 | D:2      | Reached skill level 4 in Transmutations
  2064 | D:2      | Noticed Crazy Yiuf
  2109 | D:3      | Noticed chonchonts's ghost (amateur MiFi)
  2112 | D:3      | Noticed Robin
  2156 | D:3      | Slain by chonchonts's ghost

Vault maps used:
D:1:      dpeg_arrival_water_temple_mockup, lemuel_flame_loot_1
D:2:      old_standard_altar, grunt_dithmenos_smoke, uniq_crazy_yiuf_cottage
D:3:      serial_park_tiny_pond, uniq_robin

Action                   || total
-------------------------++-------
Melee: Unarmed           ||    99
 Cast: Beastly Appendage ||     7
  Use: Potion            ||     1
 Stab: Sleeping          ||     5
  Eat: Chunk             ||     4
